 Dungeon Crawl Stone Soup version 0.25-a0-614-g73ad250637 (webtiles) character file.

Game seed: 10717169978698795682, levelgen mode: deterministic

299 Amnesiac the Cutter (level 6, -6/35 HPs)
             Began as a Spriggan Berserker on Mar 17, 2020.
             Mangled by a polar bear (27 damage)
             ... created by the rage of Trog
             ... on level 4 of the Dungeon.
             The game lasted 00:06:11 (4506 turns).

Amnesiac the Cutter (Spriggan Berserker)            Turns: 4506, Time: 00:06:11

Health: -6/35      AC:  2    Str: 14 (15) XL:     6   Next: 13%
Magic:  7/7        EV: 19    Int:  8 (11) God:
Gold:   76         SH:  0    Dex: 15 (16) Spells: 5/5 levels left

rFire    . . .     SeeInvis +   a - +0 short sword
rCold    . . .     Gourm    .   (shield restricted)
rNeg     . . .     Faith    .   b - +0 animal skin
rPois    .         Spirit   .   (helmet restricted)
rElec    .         Reflect  .   (no cloak)
rCorr    .         Harm     .   (gloves unavailable)
MR       +....                  (boots unavailable)
Stlth    ++........             (no amulet)
HPRegen  0.11/turn              e - ring of stealth
MPRegen  0.10/turn              l - +3 ring of intelligence

@: confused, hasted, very quick
A: very small, unfitting armour, talons 1, see invisible, herbivore, speed 3,
robust 1, slow metabolism 2
a: no special abilities


You were on level 4 of the Dungeon.
You were very hungry.

You visited 2 branches of the dungeon, and saw 6 of its levels.

You collected 76 gold pieces.

Inventory:

Hand Weapons
 a - a +0 short sword (weapon)
 o - a +3 short sword
Missiles
 h - a curare-tipped dart (quivered)
Armour
 b - a +0 animal skin (worn)
Jewellery
 e - a ring of stealth (left hand)
 l - a +3 ring of intelligence (right hand)
Comestibles
 c - 5 rations


   Skills:
 - Level 2.4 Fighting
 + Level 7.6 Short Blades
 - Level 4.4 Dodging


You had 5 spell levels left.
You didn't know any spells.
Your spell library was empty.

Dungeon Overview and Level Annotations

Branches:
Dungeon (5/15)             Temple (1/1) D:5

Altars:
Cheibriados
Dithmenos
Elyvilon
Gozag
Hepliaklqana
Qazlal
Ru
Trog
Uskayaw
Vehumet
Wu Jian
Xom
Yredelemnul
Zin


Innate Abilities, Weirdness & Mutations

You are very small and have problems with some larger weapons.
You are too small for most types of armour.
You have supernaturally acute eyesight. (SInv)
You are a herbivore.
You cover ground extremely quickly.
You need to consume almost no food.
You have sharp toenails.
You are robust. (+10% HP)


Message History

You claw the bullfrog zombie, but do no damage.
The bullfrog zombie is moderately damaged.
The bullfrog zombie hits you.
You hit the bullfrog zombie.
The bullfrog zombie is heavily damaged.
The bullfrog zombie hits you.
You hit the bullfrog zombie.
The bullfrog zombie is heavily damaged.
The bullfrog zombie hits you.
You hit the bullfrog zombie but do no damage.
You claw the bullfrog zombie.
The bullfrog zombie is severely damaged.
The bullfrog zombie hits you.
You hit the bullfrog zombie. You claw the bullfrog zombie.
The bullfrog zombie is almost destroyed.
The bullfrog zombie hits you.
You hit the bullfrog zombie.
You destroy the bullfrog zombie!
You open the door.
There is an open door here.
You see here 13 stones.
Found a stone staircase leading up.
Found a scroll labeled ETORIQ XOTOU.
An orc comes into view. It is wielding a +0 dagger.
There is a stone staircase leading up here.
You start resting.
HP restored.
You start resting.
HP restored.
You start waiting.
Trog sends monsters to punish you. 2 polar bears and 4 black bears come into view.
You aren't carrying any scrolls.
You aren't carrying any scrolls.
Really quaff
g - a bubbling golden potion {!q}?
It was a potion of ambrosia {!q}.
You are confused.
You feel invigorated.
Unknown command.
Really quaff
i - a potion of haste {!q}?
You feel yourself speed up. The black bear bites you!
The black bear misses you. The black bear claws you.
The black bear barely misses you. The black bear misses you.
The black bear claws you.
* * * LOW HITPOINT WARNING * * *
You hear a shout! x3
You're too confused to move!
The black bear closely misses you. The black bear claws you.
* * * LOW HITPOINT WARNING * * *
The black bear completely misses you.
You aren't carrying any potions.
Unknown command.
You bump into the rock wall.
The polar bear misses you. x3
The black bear closely misses you. The black bear barely misses you.
The black bear misses you.
Sorry, you're not good enough to have a special ability.
Unknown command.
You closely miss the polar bear.
The polar bear completely misses you. x2
The polar bear closely misses you.
The black bear rages.
The black bear closely misses you. x2; The black bear barely misses you.
The polar bear bites you!!
Ouch! That really hurt!
You die...

# ##### # .hh# ####
.######h###########
#...
.o?...hh@h........#
#.##
..###############.#
#.## #.# #.##
#.####.## #.#..†...
#.#.#..#.
#.#.#.#...† #.
#.#.#.#..#. #.#
#.#.#.#....


You could see 2 polar bears, 4 black bears and an orc.

Vanquished Creatures
  Sigmund (D:2)
  A black bear (D:4)
  A bullfrog zombie (D:4)
  A worker ant (D:4)
  5 adders (D:2)
  An ooze (D:1)
  A worm (D:4)
  A leopard gecko (D:4)
  A goblin (D:2)
  3 hobgoblins
  3 ball pythons
  3 bats (D:1)
  4 frilled lizards
  4 kobolds
  A leopard gecko skeleton (D:4)
  A rat (D:3)
32 creatures vanquished.

Notes
Turn   | Place    | Note
-------+----------+-------------------------------------------
     0 | D:1      | Amnesiac the Spriggan Berserker began the quest for the
                  | Orb.
     0 | D:1      | Reached XP level 1. HP: 11/11 MP: 2/2
     0 | D:1      | Fell from the grace of Trog
   124 | D:1      | Reached skill level 4 in Short Blades
   124 | D:1      | Reached XP level 2. HP: 13/16 MP: 3/3
   306 | D:4      | Noticed a phantom
   597 | D:5      | Entered Level 5 of the Dungeon
   609 | D:5      | Found a staircase to the Ecumenical Temple.
   618 | Temple   | Entered the Ecumenical Temple
  2642 | D:2      | Noticed Sigmund
  2666 | D:2      | Killed Sigmund
  2666 | D:2      | Reached skill level 6 in Short Blades
  2666 | D:2      | Reached XP level 3. HP: 19/19 MP: 4/4
  2666 | D:2      | Reached XP level 4. HP: 23/23 MP: 5/5
  2666 | D:2      | Reached XP level 5. HP: 27/27 MP: 6/6
  2861 | D:2      | Reached skill level 7 in Short Blades
  3832 | D:2      | Noticed a polar bear
  3832 | D:2      | Noticed a polar bear
  3832 | D:2      | Noticed a polar bear
  3832 | D:2      | Noticed a black bear
  3832 | D:2      | Noticed a polar bear
  3832 | D:2      | Noticed a black bear
  3859 | D:4      | Gained mutation: You have sharp toenails. [potion of
                  | mutation]
  3859 | D:4      | Gained mutation: You are robust. (+10% HP) [potion of
                  | mutation]
  3872 | D:4      | Killed a black bear
  4212 | D:4      | Reached XP level 6. HP: 31/35 MP: 7/7
  4502 | D:4      | Noticed a polar bear
  4502 | D:4      | Noticed a polar bear
  4506 | D:4      | Mangled by a polar bear

Levels and vault maps discovered:
D:1:      ncdulo_halloftheorcs, layout_basic, minmay_stone_trees_medium
D:2:      layout_basic, grunt_temple_overflow_open, uniq_sigmund, uniq_jessica
D:3:      layout_rooms, first_ration, uniq_robin
D:4:      layout_basic, uniq_grinder
D:5:      layout_cave_pools, okawaru_gym_becter, minmay_temple_entry_mini_moons,
          fedhas_ov_isle_minmay
Temple:   eino_narrow_crystal_temple

Skill      XL: |  1  2  3  4  5 |
---------------+----------------+-----
Short Blades   | 4 6 7 |  7.6
Fighting       | |  2.4
Dodging        | |  4.4

Action                   |  1- 3 |  4- 6 || total
-------------------------+-------+-------++-------
Melee: Short sword       |    45 |    75 ||   120
       Kick              |       |     5 ||     5
Throw: Dart              |     2 |     6 ||     8
Invok: Renounce Religion |     1 |       ||     1
  Use: Potion            |       |     6 ||     6
       Scroll            |       |     2 ||     2
 Stab: Sleeping          |     6 |     2 ||     8
Armor: Animal skin       |     2 |     3 ||     5
       Skin              |       |    24 ||    24
Dodge: Dodged            |    36 |    76 ||   112

Table legend:
 A = Non-vault XP
 B = Vault XP
 C = Vault XP percentage of total XP
 D = Non-vault monster count
 E = Vault monster count
 F = Vault count percentage of total count
                 A         B        C        D         E       F
            +---------+---------+-------+---------+---------+-------
      Total |     186 |     242 |  56.5 |      30 |       1 |   3.2
            +---------+---------+-------+---------+---------+-------
        D:1 |      18 |       0 |   0.0 |       9 |       0 |   0.0
        D:2 |      77 |     242 |  75.9 |      11 |       1 |   8.3
        D:3 |       2 |       0 |   0.0 |       2 |       0 |   0.0
        D:4 |      89 |       0 |   0.0 |       8 |       0 |   0.0
            +---------+---------+-------+---------+---------+-------
